 Dungeon Crawl Stone Soup version 0.30-a0-304-gdc4b735fe1 (webtiles) character file.

Game seed: 16312070092779056501

53 freelancePsychic the Sneak (level 3, -1/23 HPs)
             Began as an Octopode Hexslinger on Oct 21, 2022.
             Was an Initiate of Kikubaaqudgha.
             Slain by a goblin
             ... wielding a +0 dagger
             ... led by Robin
              (6 damage)
             ... on level 2 of the Dungeon.
             The game lasted 00:03:15 (1129 turns).

freelancePsychic the Sneak (Octopode Hexslinger)    Turns: 1129, Time: 00:03:15

Health: -1/23      AC:  1    Str:  8 (9)  XL:     3   Next: 87%
Magic:  4/4        EV: 13    Int: 12 (15) God:    Kikubaaqudgha [......]
Gold:   108        SH:  0    Dex: 12 (14) Spells: 3/4 levels left

rFire   . . .      SeeInvis +    b - +1 dagger (vamp)
rCold   . . .      Faith    .    (no shield)
rNeg    . . .      Spirit   .    (helmet restricted)
rPois   .          Reflect  .    (no amulet)
rElec   .          Harm     .    j - ring of see invisible
rCorr   .          Rampage  .    (no ring)
Will    .....                    (no ring)
Stlth   +++.......               (no ring)
HPRegen 0.23/turn                (no ring)
MPRegen 0.09/turn                (no ring)
                                 (no ring)
                                 (no ring)

@: no status effects
A: almost no armour, amphibious, 8 rings, camouflage 1, gelatinous body 1,
(nimble swimmer 1), tentacles
a: Renounce Religion


You were on level 2 of the Dungeon.
You worshipped Kikubaaqudgha.
Kikubaaqudgha was noncommittal.
You visited 1 branch of the dungeon, and saw 2 of its levels.

You collected 108 gold pieces.

Inventory:

Hand Weapons
 a - a +1 sling
 b - a +1 vampiric dagger (weapon)
Armour
 m - a +0 kite shield
Jewellery
 j - a ring of see invisible (left tentacle)
Scrolls
 c - a scroll of poison
 d - a scroll of immolation
 e - a scroll of identify {@r1}
 f - a scroll of blinking {unknown}
 h - a scroll of teleportation {unknown}
 i - a scroll of magic mapping {unknown}
 k - a scroll of summoning {unknown}
 o - a scroll of noise {unknown}
Potions
 g - a potion of flight {unknown}
 l - a potion of cancellation
 n - a potion of degeneration
 p - a potion of attraction {unknown}


   Skills:
 + Level 1.2 Fighting
 - Level 0.5 Short Blades
 - Level 2.0 Ranged Weapons
 - Level 2.1 Dodging
 - Level 4.3 Stealth
 - Level 1.0 Spellcasting
 - Level 3.0 Hexes
 * Level 0.4 Necromancy


You had 3 spell levels left.
You knew the following spells:

 Your Spells              Type           Power      Damage    Failure   Level
a - Slow                  Hex            28%        N/A       9%          1

Your spell library contained the following spells:

 Spells                   Type           Power      Damage    Failure   Level
 Confusing Touch          Hex            7%         N/A       26%         3
 Inner Flame              Hex/Fire       4%         N/A       43%         3
 Portal Projectile        Hex/Tloc       8%         N/A       43%         3
 Vampiric Draining        Necr           1%         2d6       58%         3
 Cause Fear               Hex            3%         N/A       65%         4


Dungeon Overview and Level Annotations

Branches:
Dungeon (2/15)

Altars:
Kikubaaqudgha

Shops:
D:1 !

Annotations:
D:2 Robin


Innate Abilities, Weirdness & Mutations

You cannot wear most types of armour.
You are amphibious.
You can wear up to eight rings at the same time.
Your skin changes colour to match your surroundings (Stealth+).
Your rubbery body absorbs attacks. (AC +1, EV +1)
((You are camouflaged when in or above water. (Stealth+)))
You have tentacles for arms and can constrict up to eight enemies at once.


Message History

You see here a +0 dagger.
The goblin shouts! x2
You hit the goblin. Your grab misses the goblin. You squeeze the goblin.
You kill the goblin!
Kikubaaqudgha accepts your kill. Robin throws the goblin at you!
You hit the goblin. You grab the goblin.
The goblin is heavily wounded.
You constrict the goblin. The goblin closely misses you.
The goblin struggles to escape constriction.
Robin roars a battlecry!
The goblins go into a battle-frenzy!
You closely miss the goblin. You grab the goblin. You constrict the goblin.
You kill the goblin!
Kikubaaqudgha accepts your kill.
You constrict the goblin.
The goblin hits you with a +0 dagger of freezing.
The goblin freezes you. Robin throws the goblin at you!
The goblin hits you with a +0 dagger.
You hit the goblin. You squeeze the goblin.
You kill the goblin!
Kikubaaqudgha accepts your kill. The hobgoblin hits you.
The goblin barely misses you. The goblin attacks as you move away!
The goblin hits you with a +0 dagger.
* * * LOW HITPOINT WARNING * * *
Things that are here:
a +0 dagger of freezing; a goblin corpse; a hobgoblin corpse
As you read the scroll labelled ONKUACZ PIKUTO, it crumbles to dust.
It is a scroll of identify.
d - a scroll of immolation The goblin closely misses you.
It was a potion of cancellation.
You feel magically purged. The goblin hits you with a +0 dagger.
* * * LOW HITPOINT WARNING * * *
It was a potion of degeneration.
There was something very wrong with that liquid.
You feel weakened.
You feel dopey.
You feel clumsy. The goblin hits you with a +0 dagger.
You die...
Kikubaaqudgha rasps: "You have failed me!
Welcome... death!"

...~ ~~.~ ⌠~.~.
~~.~. ...~g≈
~~~~g≈###
...gg.rg# #g#
..##+###### ####@#
..........###..#.#
.................#
...............###
..........._...#
..............##
..............#
..........##.##
.............#


You could see Robin, a hobgoblin (strong), a goblin (strong) and a rat.

Vanquished Creatures
  A dart slug (D:2)
  3 endoplasms
  3 giant cockroaches
  9 goblins
  3 hobgoblins (D:2)
  5 jackals (D:1)
  2 quokkas
  A ball python (D:1)
  6 bats
  2 frilled lizards
  5 kobolds
  4 rats (D:1)
44 creatures vanquished.

Notes
Turn   | Place    | Note
-------+----------+-------------------------------------------
     0 | D:1      | freelancePsychic the Octopode Hexslinger began the quest
                  | for the Orb.
     0 | D:1      | Reached XP level 1. HP: 13/13 MP: 2/2
    50 | D:1      | Reached skill level 1 in Stealth
    97 | D:1      | Reached skill level 2 in Stealth
    99 | D:1      | Reached XP level 2. HP: 18/18 MP: 3/3
   175 | D:1      | Reached skill level 3 in Stealth
   554 | D:1      | Reached XP level 3. HP: 23/23 MP: 4/4
   584 | D:1      | Reached skill level 4 in Stealth
   638 | D:1      | Found Lywna's Distillery.
  1050 | D:2      | Found an ancient bone altar of Kikubaaqudgha.
  1069 | D:2      | Became a worshipper of Kikubaaqudgha
  1079 | D:2      | Noticed Robin
  1129 | D:2      | Slain by a goblin

Illustrated notes

Levels and vault maps discovered:
D:1:      elethiomel_arrival_quiet, layout_basic, serial_shops, shop,
          minmay_heptomino_h4
D:2:      layout_rooms, basic_altar, st_stairs_3, kennysheep_small_spiral,
          kennysheep_path_1, uniq_robin, uniq_crazy_yiuf_cottage

Skill      XL: |  1  2  3 |
---------------+----------+-----
Stealth        | 2 3 4 |  4.3
Fighting       | |  1.2
Short Blades   | |  0.5
Ranged Weapons | |  2.0
Dodging        | |  2.1
Spellcasting   | |  1.0
Hexes          | |  3.0
Necromancy     | |  0.4

Action                   || total
-------------------------++-------
Melee: Dagger            ||    61
       Constrict         ||    21
       Tentacles         ||    15
       Punch             ||     2
 Fire: Sling             ||    66
  Use: Potion            ||     2
       Scroll            ||     1
 Stab: Sleeping          ||     1
Armor: Skin              ||    10
Dodge: Dodged            ||    81

Table legend: (Time is in decaauts)
 A = Elapsed time spent in this place.
 B = Non-inter-level travel time spent in this place.
 C = Inter-level travel time spent in this place.
 D = Time resting spent in this place.
 E = Time spent auto-exploring this place.
 F = Levels seen in this place.
 G = Mean time per level.
                   A        B        C        D        E       F      G
               +--------+--------+--------+--------+--------+-----+--------+
         Total |   1141 |   1113 |     28 |      0 |    823 |   2 |  570.5 |
       Dungeon |   1141 |   1113 |     28 |      0 |    823 |   2 |  570.5 |
               +--------+--------+--------+--------+--------+-----+--------+

Top non-repeatable levels by time:
     D:1: 923 daAuts
     D:2: 218 daAuts
